 Dungeon Crawl Stone Soup version 0.26-a0-365-g11c2b627af (webtiles) character file.

Game seed: 16624772512948052966

27 MrRokkomies the Insei (level 2, -1/24 HPs)
             Began as a Demigod Transmuter on July 19, 2020.
             Slain by a worm (10 damage)
             ... on level 2 of the Dungeon.
             The game lasted 00:01:52 (1779 turns).

MrRokkomies the Insei (Demigod Transmuter)          Turns: 1779, Time: 00:01:53

Health: -1/24      AC:  2    Str: 13    XL:     2   Next: 72%
Magic:  7/7        EV: 13    Int: 17    God:
Gold:   91         SH:  0    Dex: 16    Spells: 3/4 levels left

rFire    . . .     SeeInvis .     - Unarmed
rCold    . . .     Faith    .   (no shield)
rNeg     . . .     Spirit   .   a - +0 robe
rPois    .         Reflect  .   (no helmet)
rElec    .         Harm     .   (no cloak)
rCorr    .                      (no gloves)
MR       .....                  (no boots)
Stlth    +.........             (no amulet)
HPRegen  0.08/turn              (no ring)
MPRegen  0.10/turn              (no ring)

@: no status effects
A: high mp 1
a: no special abilities


You were on level 2 of the Dungeon.
You visited 1 branch of the dungeon, and saw 2 of its levels.

You collected 91 gold pieces.

Inventory:

Missiles
 c - 9 sling bullets
 f - 5 boomerangs (quivered)
Armour
 a - a +0 robe (worn)
Scrolls
 b - a scroll of teleportation {unknown}
Potions
 d - a potion of degeneration {unknown}
 e - a potion of curing {unknown}


   Skills:
 * Level 1.7 Fighting
 + Level 2.1 Dodging
 * Level 3.2 Unarmed Combat
 - Level 1.7 Spellcasting
 - Level 1.7 Transmutations


You had 3 spell levels left.
You knew the following spells:

 Your Spells              Type           Power        Failure   Level
a - Beastly Appendage     Tmut           #.....       10%         1

Your spell library contained the following spells:

 Spells                   Type           Power        Failure   Level
 Wereblood                Tmut           #.......     14%         2
 Spider Form              Tmut/Pois      #.........   38%         3
 Ice Form                 Ice/Tmut       #.......     80%         4
 Blade Hands              Tmut           #.........   95%         5


Dungeon Overview and Level Annotations

Branches:
Dungeon (2/15)


Innate Abilities, Weirdness & Mutations

You have an increased reservoir of magic. (+10% MP)


Message History

You hit the worm.
The worm is moderately wounded.
The worm bites you.
You hit the worm. You punch the worm.
The worm is heavily wounded.
You hit the worm.
The worm is severely wounded.
The worm barely misses you.
You hit the worm.
The worm is severely wounded.
You barely miss the worm.
The worm is severely wounded.
The worm bites you!
You are too injured to fight recklessly!
You are too injured to fight recklessly!
You are too injured to fight recklessly!
You hit the worm.
The worm is severely wounded.
The worm bites you!
You die...

#### #.. .... ..# #.#
#### #.# #.# #.# #.#
#.# #.# #.# #.# #.#
#w# ### #.# #@#
##.####.###.#
#.#.......#.#
#####...........#
##................#
........#.......#.#
..............#.....
##.######.........###
...# #..##......


You could see a worm.

Vanquished Creatures
  An ooze (D:1)
  A bat (D:1)
  6 goblins (D:1)
  6 hobgoblins
  A kobold (D:1)
  A ball python (D:1)
  A frilled lizard (D:1)
  3 rats (D:1)
20 creatures vanquished.

Notes
Turn   | Place    | Note
-------+----------+-------------------------------------------
     0 | D:1      | MrRokkomies the Demigod Transmuter began the quest for the
                  | Orb.
     0 | D:1      | Reached XP level 1. HP: 15/15 MP: 5/5
    61 | D:1      | Reached skill level 1 in Fighting
   388 | D:1      | Reached skill level 3 in Unarmed Combat
   388 | D:1      | Reached XP level 2. HP: 23/23 MP: 7/7
  1779 | D:2      | Slain by a worm

Illustrated notes

Levels and vault maps discovered:
D:1:      dpeg_arrival_stonehenge_8_columns, layout_basic
D:2:      layout_loops_ring

Skill      XL: |  1  2 |
---------------+-------+-----
Fighting       | 1 |  1.7
Unarmed Combat | 3 |  3.2
Dodging        | 2 |  2.1
Spellcasting   | |  1.7
Transmutations | |  1.7

Action                   || total
-------------------------++-------
Melee: Unarmed           ||    79
       Punch             ||     1
 Stab: Sleeping          ||     2
Armor: Robe              ||     8
Dodge: Dodged            ||    45

Table legend: (Time is in decaauts)
 A = Elapsed time spent in this place.
 B = Non-inter-level travel time spent in this place.
 C = Inter-level travel time spent in this place.
 D = Time resting spent in this place.
 E = Time spent auto-exploring this place.
 F = Levels seen in this place.
 G = Mean time per level.
                   A        B        C        D        E       F      G
               +--------+--------+--------+--------+--------+-----+--------+
         Total |   1774 |   1732 |     42 |    352 |   1213 |   2 |  887.0 |
       Dungeon |   1774 |   1732 |     42 |    352 |   1213 |   2 |  887.0 |
               +--------+--------+--------+--------+--------+-----+--------+
